 Dungeon Crawl Stone Soup version 0.20-a0-709-gd40821f (webtiles) character file.

53522 Gorglomux the Eclecticist (level 14, -3/68 HPs)
             Began as a Deep Elf Fire Elementalist on Feb 21, 2017.
             Was a High Priest of Vehumet.
             Slain by a hornet (13 damage)
             ... on level 6 of the Lair of Beasts.
             The game lasted 01:14:26 (21751 turns).

Gorglomux the Eclecticist (DEFE)                   Turns: 21751, Time: 01:14:27

Health: -3/68      AC:  9    Str: 13    XL:     14   Next: 31%
Magic:  2/40       EV: 12    Int: 23    God:    Vehumet [*****.]
Gold:   879        SH:  0    Dex: 11    Spells: 33/53 levels left

rFire    + + +     SeeInvis .   L - +7 fustibalus of the Four People {venom, rPois rF+ Str+5 Dex-4}
rCold    + . .     Gourm    .   p - +2 robe {rC+}
rNeg     . . .     Faith    +   (no shield)
rPois    +         Spirit   .   W - +2 helmet
rElec    .         Reflect  .   O - +0 cloak of Kleptomania {Str+3}
rCorr    .         Harm     .   G - +0 pair of gloves
MR       ++...                  (no boots)
Stlth    ++........             e - amulet of faith
Regen    0.3/turn               z - ring of fire (curse)
MPRegen  0.3/turn               q - ring of Rifoifot {rF+ rC+ MR+ Int-3 Slay+2}

@: very slightly contaminated, hasted, very quick
A: no striking features
a: Renounce Religion


You were on level 6 of the Lair of Beasts.
You worshipped Vehumet.
Vehumet was extremely pleased with you.
You were hungry.

You visited 3 branches of the dungeon, and saw 18 of its levels.
You also visited: Labyrinth, Sewer and Ossuary.

You collected 1130 gold pieces.
You spent 251 gold pieces at shops.

Inventory:

Hand Weapons
 a - the +7 broad axe "Mygici" {drain, Int+4}
   (You found it in a sewer)

   A truly terrible weapon, it drains the life of those it strikes.
   It affects your intelligence (+4).
 b - a +6 spear of venom
 L - the +7 fustibalus of the Four People (weapon) {venom, rPois rF+ Str+5 Dex-4}
   (You found it in a labyrinth)

   It poisons the ammo it fires.
   It affects your strength (+5).
   It affects your dexterity (-4).
   It protects you from fire.
   It protects you from poison.
Missiles
 y - 41 sling bullets (quivered)
 Z - a throwing net
Armour
 p - a +2 robe of cold resistance (worn)
 t - a +2 buckler
 G - a +0 pair of gloves (worn)
 O - the +0 cloak of Kleptomania (worn) {Str+3}
   (You found it in a labyrinth)

   It affects your strength (+3).
 W - a +2 helmet (worn)
Magical Staves
 R - an uncursed staff of earth
Jewellery
 e - an amulet of faith (around neck)
 g - an uncursed ring of resist corrosion
 o - an uncursed ring of poison resistance
 q - the ring of Rifoifot (left hand) {rF+ rC+ MR+ Int-3 Slay+2}
   (You bought it in a shop on level 5 of the Dungeon)

   [ring of intelligence]

   It affects your intelligence (-3).
   It affects your accuracy and damage with ranged weapons and melee attacks
   (+2).
   It protects you from fire.
   It protects you from cold.
   It affects your resistance to hostile enchantments.
 s - an uncursed ring of see invisible
 u - an uncursed ring of positive energy
 x - an uncursed ring of stealth
 z - a cursed ring of fire (right hand)
 A - an uncursed amulet of guardian spirit {unknown}
Scrolls
 j - 5 scrolls of immolation
 v - 3 scrolls of recharging
 B - 2 scrolls of blinking
 F - a scroll of silence {unknown}
 I - 6 scrolls of remove curse
 J - 2 scrolls of fear
 S - a scroll of fog
 T - a scroll of teleportation
 U - 2 scrolls of summoning
 V - 4 scrolls of amnesia
Potions
 d - 8 potions of curing
 h - 3 potions of agility
 m - 7 potions of resistance
 D - 2 potions of might
 E - 2 potions of heal wounds
 H - 3 potions of brilliance
 K - a potion of magic
 N - 4 potions of lignification
 Q - 5 potions of mutation
 X - 6 potions of flight
 Y - a potion of berserk rage
Comestibles
 c - 12 bread rations
 i - 6 meat rations
 w - 19 fruits
 M - a royal jelly
 P - 11 chunks of flesh


   Skills:
 - Level 2.4 Dodging
 - Level 2.4 Stealth
 - Level 20.0 Spellcasting
 + Level 16.0 Conjurations
 - Level 12.5 Fire Magic
 - Level 2.0 Poison Magic


You had 33 spell levels left.
You knew the following spells:

 Your Spells              Type           Power        Failure   Level  Hunger
a - Flame Tongue          Conj/Fire      #####        0%          1    None
b - Sticky Flame          Conj/Fire      #######.     1%          4    None
c - Fireball              Conj/Fire      #######...   1%          5    None
d - Poison Arrow          Conj/Pois      ######....   2%          6    ###....
j - Conjure Flame         Conj/Fire      #######.     1%          3    None
o - Apportation           Tloc           ###...       1%          1    None


Dungeon Overview and Level Annotations

Branches:
Dungeon (11/15)            Temple (1/1) D:5            Lair (6/6) D:11
  Swamp (0/4) Lair:4        Snake (0/4) Lair:4        Slime (0/5) Lair:5
    Orc (0/2) D:10

Altars:
Ashenzari
Cheibriados
Dithmenos
Elyvilon
Fedhas
Gozag
Hepliaklqana Ieoh Jian
Kikubaaqudgha
Makhleb
Nemelex Xobeh
Okawaru
Qazlal
Ru
Sif Muna
Trog
Uskayaw
Vehumet
Xom
Yredelemnul
Zin
The Shining One

Shops:
D:5 *   D:8 *(


Message History

The hornet is moderately wounded.
The hornet is covered in liquid flames!
The hornet burns!
The hornet stings you.
* * * LOW HITPOINT WARNING * * *
You feel much better.
The hornet burns!
The spiny frog stings the bush but does no damage.
The hornet stings you.
You feel yourself slow down.
The spiny frog stings the bush.
The hornet stings you!
The black mamba bites the bush.
You feel yourself speed up.
The hornet burns!
The black mamba bites the bush!
The boggart gestures wildly while chanting.
The hornet misses you.
The spiny frog stings the bush!
The black mamba bites the bush.
The hornet stings you!
* * * LOW HITPOINT WARNING * * *
You are very lightly contaminated with residual magic.
The hornet burns!
The black mamba bites the bush!
The spiny frog stings the bush. x2
You feel yourself speed up.
The hornet burns!
The hornet stings you!
You die...

#.................P
##..................
#P..................
#...F...............
##tD#.#....#.....##.
#.Pg###...#......###
#P.S# ##....Y...<###
#..y###......(...##.
#..@.##..........##.
#P...P##...[##....##.
###...##.##.##.......
....# ####....###
#...#. .........##
##..... ...........#
...... ............
...................
............


You could see an eight-headed hydra, a black mamba, a spiny frog, a hornet
(burning), a crocodile and a boggart.

Vanquished Creatures
  Rupert (Lair:3)
  A minotaur (Lab)
  The ghost of hittemvvvhard the Magus, a journeyman DsWn of Nemelex Xobeh (Lair:1)
  Erolcha (D:10)
  4 hydras
  A catoblepas (Lair:6)
  9 death yaks
  3 two-headed ogres
  A tengu warrior (D:10)
  An unseen horror (D:11)
  2 deep elf magi (D:10)
  The ghost of McCoppin the Covert, a novice FeMo of Ieoh Jian (Lair:1)
  An ugly thing (D:11)
  2 cyclopes (D:11)
  18 elephants
  6 black mambas
  A gargoyle (D:11)
  13 spiny frogs
  A kobold demonologist (D:11)
  4 rime drakes
  6 komodo dragons
  A minotaur zombie (Lab)
  3 hornets
  A polar bear (Lair:5)
  5 dream sheep (Lair:4)
  8 hippogriffs
  A shadow (D:11)
  2 basilisks
  A wyvern (Lair:5)
  25 yaks
  A hungry ghost (D:11)
  Menkaure (D:5)
  2 nagas (Lair:4)
  14 water moccasins
  Duvessa (D:4)
  7 porcupines
  Purgy (Sewer)
  2 ice beasts
  2 black bears
  2 orc warriors (D:7)
  2 sky beasts
  A necrophage (D:9)
  19 wolves
  2 phantoms
  4 ogres
  10 centaurs
  12 crocodiles
  5 big kobolds
  A gnoll sergeant (D:6)
  12 bullfrogs
  Dowan (D:4)
  4 scorpions
  A wyvern skeleton (D:6)
  16 killer bees
  3 howler monkeys
  7 wights
  10 crimson imps
  2 quasits
  2 centaur zombies
  3 centaur skeletons
  5 jellies
  6 orc priests
  8 hounds
  A bullfrog skeleton (D:5)
  A bullfrog zombie (D:7)
  5 human zombies (Ossuary)
  5 iguanas
  4 orc wizards
  2 hell rats (D:11)
  8 worker ants
  A hound zombie (D:8)
  A hound skeleton (D:4)
  5 mummies (Ossuary)
  A howler monkey zombie (D:10)
  2 worker ant zombies (D:6)
  3 howler monkey skeletons
  9 adders
  12 gnolls
  2 river rats (D:11)
  3 shadow imps
  4 oozes
  3 worms
  6 dart slugs
  10 leopard geckos
  22 orcs
  A ball python (D:1)
  6 giant cockroaches
  5 goblins
  7 hobgoblins
  7 jackals
  6 quokkas
  15 bats
  4 frilled lizards
  A gnoll zombie (Ossuary)
  A jackal skeleton (D:4)
  33 kobolds
  2 leopard gecko skeletons
  2 orc zombies (Ossuary)
  2 quokka skeletons
  A quokka zombie (D:5)
  9 rats
  2 plants (D:10)
508 creatures vanquished.

Vanquished Creatures (collateral kills)
  A wyvern (Lair:1)
1 creature vanquished.

Vanquished Creatures (others)
  12 fungi
  4 plants
16 creatures vanquished.

Grand Total: 525 creatures vanquished

Notes
Turn   | Place    | Note
-------+----------+-------------------------------------------
     0 | D:1      | Gorglomux the Deep Elf Fire Elementalist began the quest for the Orb.
     0 | D:1      | Reached XP level 1. HP: 10/10 MP: 6/6
   112 | D:1      | Reached XP level 2. HP: 15/15 MP: 2/8
   681 | D:2      | Reached XP level 3. HP: 16/19 MP: 4/9
   690 | D:2      | Learned a level 3 spell: Conjure Flame
  1036 | D:2      | Found a glowing golden altar of the Shining One.
  1222 | D:3      | Found a deep blue altar of Sif Muna.
  1459 | D:3      | Found a glowing drain.
  1464 | D:3      | Reached XP level 4. HP: 22/24 MP: 2/10
  1483 | D:3      | Learned a level 4 spell: Sticky Flame
  1572 | Sewer    | Entered a sewer
  1649 | Sewer    | Noticed Purgy
  1704 | Sewer    | Killed Purgy
  1704 | Sewer    | Reached XP level 5. HP: 18/28 MP: 0/11
  1822 | Sewer    | Got a warped broad axe
  1823 | Sewer    | Identified the +7 broad axe "Mygici" {drain, Int+4} (You found it in a sewer)
  2502 | D:3      | Reached skill level 4 in Spellcasting
  2502 | D:3      | Reached XP level 6. HP: 32/32 MP: 6/14
  2509 | D:3      | Learned a level 5 spell: Fireball
  2957 | D:4      | Noticed Dowan
  2958 | D:4      | Found an ornate altar of the Ieoh Jian Council.
  2997 | D:4      | Reached skill level 5 in Spellcasting
  3308 | D:4      | Reached skill level 6 in Spellcasting
  3403 | D:4      | Noticed Duvessa
  3422 | D:4      | Killed Duvessa
  3422 | D:4      | Reached XP level 7. HP: 36/36 MP: 7/18
  3434 | D:4      | Killed Dowan
  3981 | D:4      | Reached skill level 6 in Conjurations
  4191 | D:5      | Entered Level 5 of the Dungeon
  4191 | D:5      | Found Piuv's Assorted Antiques.
  4201 | D:5      | Reached skill level 6 in Fire Magic
  4232 | D:5      | Bought a scroll of identify for 32 gold pieces
  4232 | D:5      | Bought a brightly glowing jade ring for 80 gold pieces
  4232 | D:5      | Bought a scroll labeled NUOSEQ ZIUSUI for 16 gold pieces
  4232 | D:5      | Bought a scroll labeled GEPLUU PEUXASO for 16 gold pieces
  4232 | D:5      | Bought a scroll labeled ACVEIH FAWOL for 16 gold pieces
  4243 | D:4      | Identified the cursed ring of Rifoifot {rF+ rC+ MR+ Int-3 Slay+2} (You bought it in a shop on level 5 of the Dungeon)
  4355 | D:5      | Reached XP level 8. HP: 31/41 MP: 11/19
  4876 | D:5      | Noticed Menkaure
  4879 | D:5      | Killed Menkaure
  5032 | D:5      | Found a staircase to the Ecumenical Temple.
  5174 | Temple   | Entered the Ecumenical Temple
  5347 | Temple   | Became a worshipper of Vehumet
  6652 | D:7      | Found a sand-covered staircase.
  6679 | D:7      | Reached skill level 9 in Fire Magic
  6679 | D:7      | Reached XP level 9. HP: 41/45 MP: 20/20
  6754 | D:7      | Reached * piety under Vehumet
  6754 | D:7      | Offered knowledge of Sandblast by Vehumet.
  6754 | D:7      | Reached skill level 9 in Conjurations
  6825 | Ossuary  | Entered an ossuary
  7951 | D:7      | Offered knowledge of Shock by Vehumet.
  8002 | D:7      | Found a sparkling altar of Nemelex Xobeh.
  8095 | D:7      | Reached ** piety under Vehumet
  8287 | D:8      | Noticed a two-headed ogre
  8573 | D:8      | Killed a two-headed ogre
  8573 | D:8      | Reached XP level 10. HP: 50/50 MP: 1/21
  8781 | D:8      | Offered knowledge of Ignite Poison by Vehumet.
  9011 | D:8      | Learned a level 1 spell: Apportation
  9082 | D:8      | Found Xiocvaot's General Store.
  9088 | D:8      | Found Yffebuj's Weapon Shoppe.
  9096 | D:8      | Reached *** piety under Vehumet
  9178 | D:8      | Bought a potion of heal wounds for 65 gold pieces
  9178 | D:8      | Bought a scroll of identify for 26 gold pieces
  9236 | D:8      | Found a hide-covered altar of Uskayaw.
  9236 | D:8      | Found a glowing silver altar of Zin.
  9374 | D:9      | Offered knowledge of Stone Arrow by Vehumet.
  9476 | D:9      | Found an ancient bone altar of Kikubaaqudgha.
  9524 | D:9      | Reached skill level 7 in Spellcasting
  9847 | D:9      | Reached skill level 8 in Spellcasting
  9849 | D:9      | Reached **** piety under Vehumet
  9996 | D:10     | Entered Level 10 of the Dungeon
 10009 | D:10     | Found a staircase to the Orcish Mines.
 10025 | D:10     | Reached skill level 9 in Spellcasting
 10060 | D:10     | Noticed a deep elf mage
 10064 | D:10     | Killed a deep elf mage
 10064 | D:10     | Offered knowledge of Fulminant Prism by Vehumet.
 10219 | D:10     | Noticed a tengu warrior
 10228 | D:10     | Killed a tengu warrior
 10228 | D:10     | Reached skill level 10 in Spellcasting
 10323 | D:10     | Reached skill level 11 in Spellcasting
 10329 | D:10     | Noticed Erolcha
 10336 | D:10     | Noticed a two-headed ogre
 10353 | D:10     | Killed a two-headed ogre
 10353 | D:10     | Reached XP level 11. HP: 54/54 MP: 13/28
 10498 | D:10     | Reached skill level 12 in Spellcasting
 10616 | D:10     | Killed Erolcha
 10966 | D:10     | Reached skill level 13 in Spellcasting
 11218 | D:10     | Noticed a deep elf mage
 11222 | D:10     | Killed a deep elf mage
 11573 | D:11     | Killed an unseen horror
 11588 | D:11     | Reached skill level 14 in Spellcasting
 11839 | D:11     | Reached ***** piety under Vehumet
 11839 | D:11     | Reached skill level 15 in Spellcasting
 12108 | D:11     | Offered knowledge of Poison Arrow by Vehumet.
 12109 | D:11     | Noticed a white ugly thing
 12144 | D:11     | Killed a white ugly thing
 12156 | D:11     | Noticed a two-headed ogre
 12175 | D:11     | Killed a two-headed ogre
 12394 | D:11     | Learned a level 6 spell: Poison Arrow
 12476 | D:11     | Noticed a death yak
 12497 | D:11     | Noticed a death yak
 12500 | D:11     | Noticed a death yak
 12503 | D:11     | Killed a death yak
 12503 | D:11     | Reached skill level 12 in Conjurations
 12515 | D:11     | Killed a death yak
 12515 | D:11     | Reached skill level 12 in Fire Magic
 12515 | D:11     | Reached XP level 12. HP: 18/59 MP: 5/33
 12659 | D:11     | Killed a death yak
 12912 | D:11     | Found a staircase to the Lair.
 13245 | Lair:1   | Entered Level 1 of the Lair of Beasts
 13250 | Lair:1   | Noticed hittemvvvhard's ghost (journeyman DsWn)
 13258 | D:11     | Reached skill level 1 in Poison Magic
 13795 | Lair:1   | Found a labyrinth entrance.
 13825 | Lab      | Entered a labyrinth
 13991 | Lab      | Noticed a minotaur
 13994 | Lab      | Killed a minotaur
 14139 | Lab      | Got a smoking fustibalus
 14139 | Lab      | Got a scorched cloak
 14145 | Lab      | Identified the +0 cloak of Kleptomania {Str+3} (You found it in a labyrinth)
 14365 | Lair:1   | Noticed McCoppin's ghost (novice FeMo)
 14371 | Lair:1   | Killed McCoppin's ghost
 14738 | Lair:1   | Killed hittemvvvhard's ghost
 15926 | Lair:2   | Offered knowledge of Lightning Bolt by Vehumet.
 16102 | Lair:2   | Reached skill level 15 in Conjurations
 16248 | Lair:2   | Noticed a six-headed hydra
 16251 | Lair:2   | Killed a six-headed hydra
 16821 | Lair:2   | Reached XP level 13. HP: 36/63 MP: 22/34
 16834 | Lair:2   | Got a bloodstained rapier
 16849 | Lair:2   | HP: 3/63 [poisoned by a spiny frog]
 16855 | Lair:2   | HP: 2/63 [poisoned by a spiny frog]
 16857 | Lair:2   | Identified the +7 rapier "Edoanem" {pierce, rC+} (You found it on level 2 of the Lair of Beasts)
 16858 | Lair:2   | Identified the +7 fustibalus of the Four People {venom, rPois rF+ Str+5 Dex-4} (You found it in a labyrinth)
 16860 | Lair:2   | HP: 2/63 [poisoned by a spiny frog]
 16868 | Lair:2   | HP: 2/63 [poisoned by a spiny frog]
 17968 | Lair:3   | Reached skill level 16 in Spellcasting
 18287 | Lair:3   | Noticed Rupert
 18293 | Lair:3   | Paralysed by Rupert for 2 turns
 18298 | Lair:3   | Killed Rupert
 18298 | Lair:3   | Reached skill level 17 in Spellcasting
 19109 | Lair:4   | Found a staircase to the Swamp.
 19148 | Lair:4   | Found a staircase to the Snake Pit.
 19302 | Lair:4   | Reached skill level 18 in Spellcasting
 19621 | Lair:4   | Offered knowledge of Lee's Rapid Deconstruction by Vehumet.
 19966 | Lair:5   | Found a staircase to the Slime Pits.
 20025 | Lair:5   | Reached skill level 19 in Spellcasting
 20871 | Lair:6   | Entered Level 6 of the Lair of Beasts
 20904 | Lair:6   | Reached XP level 14. HP: 68/68 MP: 20/39
 21436 | Lair:6   | Reached skill level 20 in Spellcasting
 21743 | Lair:6   | HP: 2/68 [elephant (11)]
 21751 | Lair:6   | Slain by a hornet

Vault maps used:
D:1:      lemuel_arrival_muddy
D:2:      tso_metal_star
D:3:      nicolae_overflow_hidden_temple, portal_sewer_entry_f
D:4:      lemuel_crystal_altar, first_bread, uniq_duvessa
D:5:      temple_statues, serial_shops,
          nicolae_shop_competitors_out_of_business, uniq_menkaure
D:6:      minmay_misc_feat_rugged
D:7:      nemelex_xobeh_ov_fountains_minmay, chequers_ossuary_entry_cave
D:8:      gammafunk_temple_overflow_pools, serial_shops, nicolae_shop_trees,
          shop
D:9:      kiku_gazebo_garden_becter
D:10:     orc_0_dummy, grunt_tengu_nest, minmay_misc_feat_plants, uniq_erolcha
D:11:     dpeg_lair_monsters
Temple:   regret_index_temple_sphere_string
Lair:1:   lab_entry_generic, grunt_megastairs_2
Lair:2:   grunt_megastairs_3
Lair:3:   uniq_rupert
Lair:4:   swamp_mist, guppyfry_snake_entry_garden, lemuel_fruit_tree
Lair:5:   dpeg_slime_entry_corner, serial_forest,
          infiniplex_forest_clump_double, infiniplex_forest_lined_3,
          infiniplex_forest_straight_2, infiniplex_forest_straight_5,
          infiniplex_forest_end_double
Lair:6:   minmay_lair_end_enchanted_forest
Lab:      labyrinth_hidden_loot
Sewer:    sewer_big_baddie
Ossuary:  ossuary_crypta

Skill      XL: |  1  2  3  4  5  6  7  8  9 10 11 12 13 14 |
---------------+-------------------------------------------+-----
Fire Magic     | 4 5 6 9 10 11 12 | 12.5
Conjurations   | 2 4 5 6 8 10 11 12 15 16 | 16.0
Spellcasting   | 4 6 11 15 19 20 | 20.0
Poison Magic   | 2 |  2.0
Dodging        | |  2.4
Stealth        | |  2.4

Action                   |  1- 3 |  4- 6 |  7- 9 | 10-12 | 13-15 || total
-------------------------+-------+-------+-------+-------+-------++-------
Melee: Spear             |    22 |    29 |    80 |   143 |       ||   274
       Broad axe         |       |    30 |    79 |    72 |       ||   181
 Fire: Fustibalus        |       |       |       |       |    36 ||    36
 Cast: Flame Tongue      |    68 |    61 |    85 |   182 |    54 ||   450
       Conjure Flame     |       |     4 |    11 |    21 |     6 ||    42
       Sticky Flame      |       |     4 |    31 |    38 |    29 ||   102
       Fireball          |       |     4 |    26 |    98 |    58 ||   186
       Poison Arrow      |       |       |       |    37 |    55 ||    92
 Abil: Evoke Flight      |       |     1 |       |       |       ||     1
Evoke: Wand              |       |       |       |     2 |       ||     2
  Use: Scroll            |       |       |    14 |    19 |     5 ||    38
       Potion            |       |       |     1 |     8 |     4 ||    13
 Stab: Sleeping          |     2 |       |     5 |       |       ||     7
       Distracted        |       |       |     1 |       |       ||     1
  Eat: Chunk             |     2 |     7 |    23 |    27 |    19 ||    78
       Royal jelly       |       |       |     2 |     2 |     1 ||     5
       Fruit             |       |       |       |     2 |     2 ||     4
       Meat ration       |       |       |       |     1 |       ||     1
       Bread ration      |       |       |       |     1 |       ||     1
Armor: Robe              |     4 |    10 |    21 |    72 |    23 ||   130
Dodge: Dodged            |    27 |    50 |   114 |   160 |    44 ||   395
